 Dungeon Crawl Stone Soup version 0.27.0-1-g7a089689b8 (webtiles) character file.

Game seed: 12340731362298388126

240 horus123 the Conjurer (level 5, -3/28 HPs)
             Began as a Deep Elf Conjurer on Aug 8, 2021.
             Was an Initiate of Vehumet.
             Slain by a gnoll sergeant (11 damage)
             ... on level 5 of the Dungeon.
             The game lasted 00:10:44 (4193 turns).

horus123 the Conjurer (Deep Elf Conjurer)           Turns: 4193, Time: 00:10:44

Health: -3/28      AC:  5    Str:  4    XL:     5   Next: 80%
Magic:  5/14       EV: 12    Int: 24    God:    Vehumet [......]
Gold:   137        SH:  0    Dex: 13    Spells: 3/13 levels left

rFire    . . .     SeeInvis .   c - +3 dagger (pain)
rCold    + . .     Faith    .   (no shield)
rNeg     . . .     Spirit   .   a - +0 robe
rPois    .         Reflect  .   (no helmet)
rElec    .         Harm     .   f - +2 cloak
rCorr    .         Rampage  .   (no gloves)
Will     .....                  (no boots)
Stlth    ++........             (no amulet)
HPRegen  0.09/turn              l - ring of protection from cold
MPRegen  0.14/turn              (no ring)

@: no status effects
A: no striking features
a: Renounce Religion


You were on level 5 of the Dungeon.
You worshipped Vehumet.
Vehumet was noncommittal.
You visited 1 branch of the dungeon, and saw 5 of its levels.

You collected 137 gold pieces.

Inventory:

Hand Weapons
 c - a +3 dagger of pain (weapon)
Armour
 a - a +0 robe (worn)
 f - a +2 cloak (worn)
Jewellery
 l - a ring of protection from cold (left hand)
Scrolls
 b - 3 scrolls of teleportation
 e - a scroll of vulnerability
 g - a scroll of fog
 h - a scroll of silence {unknown}
 i - a scroll of blinking
 o - a scroll of immolation {unknown}
Potions
 d - a potion of brilliance
 j - a potion of curing {unknown}
 k - a potion of might
 m - a potion of attraction {unknown}
 n - 2 potions of degeneration {unknown}


   Skills:
 + Level 2.8 Dodging
 + Level 3.1 Stealth
 + Level 4.8 Spellcasting
 * Level 6.4 Conjurations
 * Level 2.1 Hexes


You had 3 spell levels left.
You knew the following spells:

 Your Spells              Type           Power      Damage    Failure   Level
a - Magic Dart            Conj           100%       1d8       1%          1
b - Searing Ray           Conj           72%        3d6       1%          2
c - Dazzling Flash        Conj/Hex       52%        N/A       4%          3
d - Fulminant Prism       Conj/Hex       13%        3d9       16%         4

Your spell library contained the following spells:

 Spells                   Type           Power      Damage    Failure   Level
 Iskenderun's Mystic Bla  Conj/Tloc      21%        2d6       24%         4
 Alistair's Intoxication  Tmut/Pois      3%         N/A       94%         5
 Borgnjor's Vile Clutch   Necr/Erth      2%         N/A       94%         5
 Eringya's Noxious Bog    Tmut/Pois      2%         N/A       100%        6


Dungeon Overview and Level Annotations

Branches:
Dungeon (5/15)             Temple (0/1) D:4

Altars:
Nemelex Xobeh
Sif Muna
Vehumet

Shops:
D:3 *


Message History

You conjure a prism of explosive energy!
A fulminant prism comes into view.
You hear a loud crackle.
You hear an explosion!
The blast of energy engulfs the gnoll!!
You kill the gnoll!
Vehumet accepts your kill.
You hear a shout! x2
Your Hexes skill increases to level 2!
Things that are here:
a +0 whip; a gnoll corpse
Casting: Fulminant Prism (extremely dangerous; 16% risk of failure)
Confirm with . or Enter, or press ? or * to list all spells.
The spell is extremely dangerous to cast (16% risk of failure)!
Continue anyway?
Aiming: Fulminant Prism (extremely dangerous; 16% risk of failure)
Press: ? - help, Dir - move target You conjure a prism of explosive energy!
A fulminant prism comes into view.
Your fulminant prism crackles loudly.
Things that are here:
a +0 whip; a gnoll corpse Really walk into that teleport trap?
Okay, then.
You hear an explosion!
The gnoll sergeant hits you from afar with a +3 trident of freezing!
Ouch! That really hurt!
The gnoll sergeant freezes you.
* * * LOW HITPOINT WARNING * * *
Things that are here:
a +0 whip; a gnoll corpse
Casting: Fulminant Prism (extremely dangerous; 16% risk of failure)
Confirm with . or Enter, or press ? or * to list all spells.
Aiming: Searing Ray (safe; 1% risk of failure)
Press: ? - help, Shift-Dir - straight line, f - gnoll sergeant
Aim: a gnoll sergeant, wielding a +3 trident of freezing and wearing a +0 ring mail (heavily wounded, 86% to hit)
The searing ray hits the gnoll sergeant!
The gnoll sergeant is almost dead. (Press . to maintain the ray.)
The gnoll sergeant hits you from afar with a +3 trident of freezing!
You die...

########
..#....#
###.#.##.#
#..g#.##.#
#[..#..#.#
#..g##.#.#
#....@^..#
###..####.#
..........#
#.#######..#
# .........#
########.#
#...# #.###
#.#


You could see a gnoll sergeant.

Vanquished Creatures
  Jessica (D:3)
  2 iguanas (D:4)
  4 gnolls
  4 adders
  3 worms
  2 dart slugs (D:1)
  2 endoplasms
  3 giant cockroaches
  9 goblins
  7 hobgoblins
  10 jackals (D:1)
  3 quokkas
  2 ball pythons
  7 bats
  3 frilled lizards
  9 kobolds
  5 rats
76 creatures vanquished.

Vanquished Creatures (others)
  2 fulminant prisms (D:5)
  11 plants (D:2)
  2 withered plants (D:1)
15 creatures vanquished.

Grand Total: 91 creatures vanquished

Notes
Turn   | Place    | Note
-------+----------+-------------------------------------------
     0 | D:1      | horus123 the Deep Elf Conjurer began the quest for the Orb.
     0 | D:1      | Reached XP level 1. HP: 10/10 MP: 6/6
   181 | D:1      | Found a faded altar of an unknown god.
   188 | D:1      | Reached XP level 2. HP: 11/15 MP: 1/8
   251 | D:1      | Learned a level 2 spell: Searing Ray
   342 | D:1      | Reached skill level 5 in Conjurations
   821 | D:1      | Reached XP level 3. HP: 19/19 MP: 5/9
  1128 | D:1      | Learned a level 3 spell: Dazzling Flash
  1850 | D:2      | Reached XP level 4. HP: 24/24 MP: 3/11
  2739 | D:3      | Reached skill level 6 in Conjurations
  3005 | D:3      | Found Ustopint's Assorted Antiques.
  3016 | D:3      | Found a sparkling altar of Nemelex Xobeh.
  3224 | D:3      | Noticed Jessica
  3226 | D:3      | Killed Jessica
  3227 | D:3      | Reached XP level 5. HP: 28/28 MP: 10/13
  3494 | D:4      | Learned a level 4 spell: Fulminant Prism
  3524 | D:4      | Reached skill level 1 in Hexes
  3744 | D:4      | Found a shimmering blue altar of Sif Muna.
  3854 | D:4      | Found a radiant altar of Vehumet.
  3857 | D:4      | Became a worshipper of Vehumet
  4036 | D:4      | Found a staircase to the Ecumenical Temple.
  4051 | D:5      | Entered Level 5 of the Dungeon
  4193 | D:5      | Slain by a gnoll sergeant

Illustrated notes

Levels and vault maps discovered:
D:1:      scummos_arrival_forest, layout_loops_ring,
          shapermc_ecumenical_altar_flowoftime
D:2:      layout_basic, serial_forest, infiniplex_forest_clump_medium,
          infiniplex_forest_pool, infiniplex_forest_clump_tiny,
          infiniplex_forest_join, infiniplex_forest_join,
          infiniplex_forest_lined_3_way, infiniplex_forest_straight_3,
          infiniplex_forest_clump_double, infiniplex_forest_fountain,
          infiniplex_forest_straight_4
D:3:      layout_loops_ring, nemelex_diamond_rough_becter, serial_shops, shop,
          uniq_jessica
D:4:      layout_rooms, kennysheep_little_box, lemuel_doored_altar,
          minmay_temple_entry_enclosed_plants
D:5:      layout_basic

Skill      XL: |  1  2  3  4  5 |
---------------+----------------+-----
Conjurations   | 5 6 |  6.4
Stealth        | 3 |  3.1
Spellcasting   | 4 |  4.8
Hexes          | 2 |  2.1
Dodging        | |  2.8

Action                   |  1- 3 |  4- 6 || total
-------------------------+-------+-------++-------
Melee: Dagger            |       |     1 ||     1
 Cast: Magic Dart        |    90 |    56 ||   146
       Searing Ray       |     2 |     4 ||     6
       Fulminant Prism   |       |     2 ||     2
  Use: Scroll            |       |     7 ||     7
       Potion            |       |     2 ||     2
 Stab: Sleeping          |       |     1 ||     1
Armor: Robe              |     1 |     2 ||     3
Dodge: Dodged            |     8 |       ||     8
